Map: Mech Depot LE

Players

SortOf

  • Race: Zerg Zerg
  • Spawn Location: 7:00

Pokebunny - Winner!

  • Race: Terran Terran
  • Spawn Location: 1:00

Event: WCS Montreal 2017

VOD

Have the link to the VOD?

Description

Time

  • Played on: Sept. 8, 2017, 2:13 p.m.
  • Length: 4:27

All games in this series

Show
View Real Time Build Order
Export as new Build Order

SortOf Zerg 

Build Orders: Hatch First 

Get SALT Encoding   

  12  0:03  Drone  
  13  0:13  Overlord  
  13  0:17  Drone  
  14  0:31  Drone  
  14  0:32  Drone  
  16  0:37  Drone  
  17  0:53  Hatchery  
  17  0:55  Drone  
  17  1:06  Drone  
  17  1:09  Extractor  
  17  1:15  Spawning Pool  
  17  1:17  Drone  
  17  1:21  Drone  
  18  1:30  Drone  
  19  1:42  Drone  
  20  1:52  Overlord  
  20  2:01  Queen  
  20  2:04  Queen  
  20  2:05  Zergling x4  
  26  2:11  Metabolic Boost  
  26  2:14  Drone  
  27  2:16  Drone  
  28  2:23  Drone  
  29  2:32  Zergling x2  
  29  2:34  Spine Crawler  
  29  2:35  Spine Crawler  
  29  2:36  Zergling x2  
  28  2:42  Zergling x2  
  25  2:45  Zergling x2  
  25  2:50  Zergling x2  
  26  3:03  Zergling x2  
  24  3:06  Zergling x2  
  15  3:15  Drone  
  15  3:24  Zergling x2  
  15  3:29  Zergling x2  
  16  3:36  Zergling x2  
  17  3:43  Zergling x2  
  17  3:51  Zergling x2  
  18  4:01  Zergling x2  
  19  4:06  Zergling x2  
Show
View Real Time Build Order
Export as new Build Order

Pokebunny Terran - Winner!

Build Orders:  

Get SALT Encoding   

  12  0:03  SCV  
  13  0:17  Supply Depot  
  13  0:19  SCV  
  14  0:42  SCV  
  15  0:49  Barracks  
  15  1:01  Barracks  
  15  1:12  SCV  
  15  1:15  Barracks  
  16  1:36  Barracks, Marine  
  17  1:47  Supply Depot  
  17  1:48  Marine  
  18  1:54  Marine  
  19  2:02  Marine  
  19  2:06  Marine  
  21  2:12  Marine  
  22  2:19  Marine  
  23  2:23  Marine  
  23  2:24  Supply Depot, Marine  
  25  2:30  Marine  
  26  2:37  Bunker  
  26  2:38  Marine  
  27  2:47  Marine x2  
  29  2:52  Marine  
  29  2:58  Marine  
  30  3:05  Marine  
  24  3:14  Marine  
  24  3:15  Marine  
  24  3:18  Marine  
  25  3:23  Marine  
  25  3:26  SCV  
  27  3:32  Marine x2  
  29  3:36  Marine  
  29  3:40  Marine  
  31  3:50  Marine x2  
  32  3:56  Marine  
  32  3:58  Marine  
  32  4:08  Marine x2  
Tags
 
Add a new tag
Caveats
  • Supply blocks, unpowered buildings, or Contaminate may cause inaccurate times.
  • Supply counts are checked every 10 seconds.